 Dungeon Crawl Stone Soup version 0.30.0-19-g36f170ea60 (webtiles) character file.

Game seed: 9125353879300053515

103 Josd the Covert (level 4, 0/41 HPs)
             Began as a Gnoll Delver on June 1, 2023.
             Was a Follower of Makhleb.
             Slain by Sigmund
             ... wielding a +0 scythe
              (7 damage)
             ... on level 2 of the Dungeon.
             The game lasted 00:12:58 (1957 turns).

Josd the Covert (Gnoll Delver)                      Turns: 1957, Time: 00:12:59

Health: 0/41       AC:  6    Str: 13    XL:     4   Next: 79%
Magic:  5/5        EV: 13    Int: 10    God:    Makhleb [*.....]
Gold:   111        SH:  0    Dex: 13    Spells: 5/5 levels left

rFire   . . .        m - +3 whip
rCold   . . .        (no shield)
rNeg    . . .        b - +0 leather armour
rPois   .            f - +0 helmet
rElec   .            o - scarf {repulsion}
rCorr   .            (no gloves)
SInv    .            i - +1 pair of boots
Will    .....        (no amulet)
Stlth   ++           (no ring)
HPRegen 0.26/turn    (no ring)
MPRegen 0.09/turn

%: repel missiles
@: confused
A: fangs 1, strong nose, distributed training
a: Renounce Religion


You were on level 2 of the Dungeon.
You worshipped Makhleb.
Makhleb was aware of your devotion.
You visited 1 branch of the dungeon, and saw 6 of its levels.

You collected 111 gold pieces.

Inventory:

Hand Weapons
 a - a +0 spear
 m - a +3 whip (weapon)
Missiles
 n - 9 javelins (quivered)
Armour
 b - a +0 leather armour (worn)
 f - a +0 helmet (worn)
 h - a +0 ring mail
 i - a +1 pair of boots (worn)
 o - a scarf of repulsion (worn)
Wands
 g - a wand of digging (3)
Scrolls
 c - a scroll of fog
 d - a scroll of magic mapping
 e - a scroll of fear
 j - a scroll of immolation {unknown}
 l - 2 scrolls of identify {unknown}
 q - a scroll of teleportation {unknown}
Potions
 k - a potion of attraction {unknown}
 p - a potion of degeneration {unknown}


   Skills:
 + Level 6.6 Fighting
 + Level 1.3 Short Blades
 + Level 1.3 Long Blades
 + Level 1.3 Axes
 + Level 1.3 Maces & Flails
 + Level 4.7 Polearms
 + Level 1.3 Staves
 + Level 1.3 Ranged Weapons
 + Level 1.3 Throwing
 + Level 1.3 Armour
 + Level 4.7 Dodging
 + Level 9.6 Stealth
 + Level 1.3 Shields
 + Level 1.3 Unarmed Combat
 + Level 1.3 Spellcasting
 + Level 1.0 Conjurations
 + Level 1.0 Hexes
 + Level 1.0 Summonings
 + Level 1.0 Necromancy
 + Level 1.0 Translocations
 + Level 1.0 Transmutations
 + Level 1.0 Fire Magic
 + Level 1.0 Ice Magic
 + Level 1.0 Air Magic
 + Level 1.0 Earth Magic
 + Level 1.0 Poison Magic
 + Level 1.4 Invocations
 + Level 1.3 Evocations


You had 5 spell levels left.
You didn't know any spells.
Your spell library contained the following spells:

 Spells                   Type           Power      Damage    Failure   Level
 Summon Small Mammal      Summ           8%         N/A       28%         1
 Ensorcelled Hibernation  Hex/Ice        4%         N/A       38%         2
 Passwall                 Tmut/Erth      1%         N/A       38%         2
 Call Canine Familiar     Summ           2%         N/A       63%         3
 Summon Guardian Golem    Hex/Summ       2%         N/A       63%         3
 Swiftness                Air            2%         N/A       63%         3


Dungeon Overview and Level Annotations

Branches:
Dungeon (6/15)
 Temple: D:4-7

Altars:
Makhleb

Shops:
D:1 [

Annotations:
D:2 Sigmund
D:4 Dowan, Duvessa, Menkaure


Innate Abilities, Weirdness & Mutations

You have very sharp teeth.
Your uncanny sense of smell can sniff out nearby items.
Your experience applies equally to all skills.


Message History

Makhleb accepts your kill.
You hit the rat.
You kill the rat!
Makhleb accepts your kill.
You feel better.
Sigmund gestures wildly while chanting.
Sigmund flickers and vanishes!
Deactivating autopickup; reactivate with Ctrl-A.
Unknown command.
You closely miss the hobgoblin. You bite the hobgoblin.
The hobgoblin is lightly wounded.
The hobgoblin completely misses you. Something hits you but does no damage.
You hit the hobgoblin.
You kill the hobgoblin!
Makhleb accepts your kill.
You feel better.
You closely miss the frilled lizard. Something hits you!
The frilled lizard closely misses you.
You are too injured to fight recklessly!
You are too injured to fight recklessly!
You whack the frilled lizard!
You kill the frilled lizard!
Makhleb accepts your kill.
You feel better. Something hits you.
A magic dart appears from out of thin air!
The magic dart hits you.
You are confused.
You bump into the rock wall.
You bump into the rock wall.
You feel less confused.
You hear some strange, mumbled words.
A puff of flame appears from out of thin air!
The puff of flame hits you.
You hear some strange, mumbled words.
You are confused.
You see here a rat corpse.
Something hits you!
* * * LOW HITPOINT WARNING * * *
Something hits you!
You die...

######### ........#
########### ........#
#............... ........#
#............... #########
#..@........?.$.
##.............:.
#.{†#######......
#.#.####.........
#.#.#.{)......... ##
#.#<#.##......... <#
#.###.##.........
.############.....##.........
...................+.........


There were no monsters in sight!

Vanquished Creatures
  5 adders
  2 dart slugs
  2 orcs
  3 ball pythons
  4 endoplasms
  2 giant cockroaches
  A goblin (D:2)
  7 hobgoblins
  3 jackals (D:2)
  A quokka (D:1)
  6 bats
  A frilled lizard (D:2)
  5 kobolds
  7 rats
49 creatures vanquished.

Notes
Turn   | Place    | Note
-------+----------+-------------------------------------------
     0 | D:5      | Reached skill level 9 in Stealth
     0 | D:5      | Josd the Gnoll Delver began the quest for the Orb.
     0 | D:5      | Reached XP level 1. HP: 23/23 MP: 1/1
     1 | D:6      | Noticed an orc priest
     8 | D:6      | Noticed an orc wizard
    84 | D:5      | Found a burning altar of Makhleb.
    90 | D:5      | Became a worshipper of Makhleb the Destroyer
   292 | D:5      | Noticed a centaur
   389 | D:5      | Reached XP level 2. HP: 10/29 MP: 2/2
   513 | D:4      | Noticed Menkaure
   817 | D:4      | Noticed Duvessa
   826 | D:4      | Noticed Dowan
  1023 | D:3      | Reached XP level 3. HP: 34/35 MP: 2/4
  1079 | D:2      | Reached skill level 1 in Invocations
  1081 | D:2      | Reached skill level 1 in Short Blades
  1081 | D:2      | Reached skill level 1 in Long Blades
  1081 | D:2      | Reached skill level 1 in Axes
  1081 | D:2      | Reached skill level 1 in Maces & Flails
  1081 | D:2      | Reached skill level 1 in Staves
  1081 | D:2      | Reached skill level 1 in Ranged Weapons
  1081 | D:2      | Reached skill level 1 in Throwing
  1081 | D:2      | Reached skill level 1 in Armour
  1081 | D:2      | Reached skill level 1 in Shields
  1081 | D:2      | Reached skill level 1 in Unarmed Combat
  1081 | D:2      | Reached skill level 1 in Spellcasting
  1081 | D:2      | Reached skill level 1 in Evocations
  1178 | D:2      | Reached XP level 4. HP: 39/41 MP: 5/5
  1202 | D:2      | Reached * piety under Makhleb
  1335 | D:1      | Found a faded altar of an unknown god.
  1412 | D:1      | Reached skill level 1 in Conjurations
  1412 | D:1      | Reached skill level 1 in Hexes
  1412 | D:1      | Reached skill level 1 in Summonings
  1412 | D:1      | Reached skill level 1 in Necromancy
  1412 | D:1      | Reached skill level 1 in Translocations
  1412 | D:1      | Reached skill level 1 in Transmutations
  1412 | D:1      | Reached skill level 1 in Fire Magic
  1412 | D:1      | Reached skill level 1 in Ice Magic
  1412 | D:1      | Reached skill level 1 in Air Magic
  1412 | D:1      | Reached skill level 1 in Earth Magic
  1412 | D:1      | Reached skill level 1 in Poison Magic
  1526 | D:1      | Found Vuunoywn's Antique Armour Boutique.
  1912 | D:2      | Noticed Sigmund
  1957 | D:2      | Slain by Sigmund

Illustrated notes

Levels and vault maps discovered:
D:1:      dpeg_arrival_rhombus, layout_rooms,
          hellmonk_ecumenical_altar_crossroads, serial_rivers,
          chequers_serial_rivers_large_a, chequers_serial_rivers_micro_d,
          chequers_serial_rivers_marsh, chequers_serial_rivers_room_a,
          chequers_serial_rivers_small_3, chequers_serial_rivers_small_a,
          serial_shops, shop
D:2:      minmay_spotlight, layout_basic, uniq_sigmund
D:3:      layout_rooms, serial_shops, nicolae_shop_drivethru,
          serial_bayou_lake_a
D:4:      layout_cave_pools, kennysheep_mini, minmay_temple_entry_proselytizer,
          uniq_menkaure, uniq_duvessa, uniq_blork_the_orc
D:5:      layout_loops_corners, mainiacjoe_overflow_alcove_2
D:6:      layout_cave_pools, portal_sewer_entry_b

Skill      XL: |  1  2  3  4 |
---------------+-------------+-----
Stealth        | |  9.6
Invocations    | 1 |  1.4
Short Blades   | 1 |  1.3
Long Blades    | 1 |  1.3
Axes           | 1 |  1.3
Maces & Flails | 1 |  1.3
Staves         | 1 |  1.3
Ranged Weapons | 1 |  1.3
Throwing       | 1 |  1.3
Armour         | 1 |  1.3
Shields        | 1 |  1.3
Unarmed Combat | 1 |  1.3
Spellcasting   | 1 |  1.3
Evocations     | 1 |  1.3
Conjurations   | 1 |  1.0
Hexes          | 1 |  1.0
Summonings     | 1 |  1.0
Necromancy     | 1 |  1.0
Translocations | 1 |  1.0
Transmutations | 1 |  1.0
Fire Magic     | 1 |  1.0
Ice Magic      | 1 |  1.0
Air Magic      | 1 |  1.0
Earth Magic    | 1 |  1.0
Poison Magic   | 1 |  1.0
Fighting       | |  6.6
Polearms       | |  4.7
Dodging        | |  4.7

Action                     |  1- 3 |  4- 6 || total
---------------------------+-------+-------++-------
  Melee: Spear             |    73 |       ||    73
         Bite              |    10 |     6 ||    16
         Whip              |    11 |    72 ||    83
    Use: Potion            |     1 |       ||     1
   Stab: Sleeping          |     4 |     7 ||    11
         Distracted        |       |     1 ||     1
 Armour: Leather armour    |    27 |    29 ||    56
  Dodge: Dodged            |    62 |    53 ||   115
